 Dungeon Crawl Stone Soup version 0.24.0-1-gfbc8707122 (webtiles) character file.

Game seed: 11703014129284525598, levelgen mode: deterministic

5 Esekla the Conjurer (level 1, -19/13 HPs)
             Began as a Formicid Conjurer on Oct 28, 2019.
             Hit by a javelin thrown by Urug (20 damage)
             ... on level 13 of the Dungeon.
             The game lasted 00:05:12 (641 turns).

Esekla the Conjurer (Formicid Conjurer)              Turns: 641, Time: 00:05:12

Health: -19/13     AC:  4    Str: 12    XL:     1   Next: 88%
Magic:  3/3        EV: 12    Int: 14    God:
Gold:   0          SH:  0    Dex: 11    Spells: 3/4 levels left

rFire    . . .     SeeInvis +   (no weapon)
rCold    . . .     Gourm    .   (no shield)
rNeg     . . .     Faith    .   a - +0 robe
rPois    .         Spirit   .   (helmet unavailable)
rElec    .         Reflect  .   (no cloak)
rCorr    .         Harm     .   b - +0 pair of gloves
MR       .....                  d - +0 pair of boots
Stlth    ++........             (no amulet)
HPRegen  0.04/turn              (no ring)
MPRegen  0.08/turn              (no ring)

@: no status effects
A: permanent stasis, dig shafts and tunnels, four strong arms, antennae 3
a: Dig, Shaft Self


You were on level 13 of the Dungeon.
You were very hungry.

You visited 1 branch of the dungeon, and saw 8 of its levels.

Inventory:

Missiles
 g - 2 boomerangs (quivered)
Armour
 a - a +0 robe (worn)
 b - a +0 pair of gloves (worn)
 d - a +0 pair of boots (worn)
Jewellery
 h - an uncursed amulet of guardian spirit {unknown}
Scrolls
 e - a scroll of teleportation {unknown}
 f - a scroll of noise {unknown}
Comestibles
 c - 2 rations


   Skills:
 + Level 1.7 Dodging
 - Level 2.4 Stealth
 * Level 2.3 Spellcasting
 + Level 3.8 Conjurations


You had 3 spell levels left.
You knew the following spells:

 Your Spells              Type           Power        Failure   Level  Hunger
a - Magic Dart            Conj           ##..         4%          1    #......

Your spell library contained the following spells:

 Spells                   Type           Power        Failure   Level  Hunger
 Searing Ray              Conj           ##....       8%          2    ###....
 Dazzling Spray           Conj/Hex       #.....       30%         3    ###....
 Iskenderun's Mystic Bla  Conj           ##......     43%         4    #####..
 Force Lance              Conj/Tloc      #.......     71%         4    #####..
 Fulminant Prism          Conj/Hex       #.........   71%         4    #####..


Dungeon Overview and Level Annotations

Branches:
Dungeon (11/15)
 Temple: D:4-7         Lair: D:8-11         Orc: D:9-12

Altars:
Ashenzari
Okawaru

Annotations:
D:13 Urug


Innate Abilities, Weirdness & Mutations

You cannot be hasted, slowed, berserked, paralysed or teleported.
You can dig through walls and to a lower floor.
Your four strong arms can wield two-handed weapons with a shield.
You have a pair of large antennae on your head. (SInv)


Message History

You feel sick.
You aren't carrying any potions.
Found a green potion.
* * * LOW HITPOINT WARNING * * *
You feel sick.
A crimson imp and a wight come into view.
A cyclops comes into view.
The crimson imp shouts!
The cyclops shouts!
A wight comes into view. It is wielding a +0 scimitar.
A wight comes into view. It is wielding a +3 mace.
Urug the Orcish Ballista comes into view.
She is wielding a +2 battleaxe.
* * * LOW HITPOINT WARNING * * *
You feel sick.
You are no longer poisoned.
Urug shouts!
Urug throws a javelin.
The javelin barely misses you.
You see here a javelin.
Urug throws a javelin.
The javelin pierces through you!!
Ouch! That really hurt!
You die...

#.......#
########.......#
#......Z.......#
#..##.##...Z...# #
.l.##.######l.#######.##
....l...............z...
###.....................
#............(z5..z...
#.............@...###
...^............C.#
....!....#######....#
###.......# ....#
#.......# ....# ....#
..o.# ....#


You could see Urug, a cyclops, an iguana, 3 wights, a crimson imp and a wyvern
zombie.

Vanquished Creatures
  A bat (D:1)
  A goblin (D:1)
  2 kobolds (D:1)
  A rat (D:1)
5 creatures vanquished.

Notes
Turn   | Place    | Note
-------+----------+-------------------------------------------
     0 | D:1      | Esekla the Formicid Conjurer began the quest for the Orb.
     0 | D:1      | Reached XP level 1. HP: 13/13 MP: 3/3
   266 | D:2      | You fall into a shaft and drop 1 floor!
   275 | D:3      | You fall into a shaft and drop 3 floors!
   452 | D:6      | Found an iron altar of Okawaru.
   464 | D:6      | Found a shattered altar of Ashenzari.
   486 | D:6      | Noticed a worker ant
   495 | D:6      | Noticed a crimson imp
   545 | D:6      | You fall into a shaft and drop 1 floor!
   545 | D:7      | Noticed a slave
   552 | D:7      | Noticed a slave
   565 | D:7      | You fall into a shaft and drop 1 floor!
   602 | D:8      | Noticed a big kobold
   613 | D:8      | Noticed a worker ant
   622 | D:8      | You fall into a shaft and drop 3 floors!
   622 | D:11     | Noticed an orc wizard
   625 | D:11     | You fall into a shaft and drop 2 floors!
   625 | D:13     | Noticed an iguana
   626 | D:13     | Noticed a wyvern zombie
   637 | D:13     | Noticed a crimson imp
   637 | D:13     | Noticed a wight
   638 | D:13     | Noticed a cyclops
   639 | D:13     | Noticed a wight
   639 | D:13     | Noticed a wight
   640 | D:13     | Noticed Urug
   641 | D:13     | Hit by a javelin thrown by Urug

Levels and vault maps discovered:
D:1:      evilmike_arrival_run_for_it, layout_basic
D:2:      cheibrodos_greedy_goblins, layout_basic,
          nicolae_overflow_crystal_walls, grunt_gozag_statues,
          trog_three_pillars_becter, uniq_natasha, uniq_robin
D:3:      layout_loops_corners, lemuel_blue_sif_altar, fedhas_altar_1,
          roderic_batcave, uniq_crazy_yiuf_cottage
D:6:      layout_basic, okawaru_trees_2, kennysheep_little_box,
          gammafunk_ghost_icy, serial_shops, shop
D:7:      layout_basic, uniq_pikel
D:8:      layout_basic, elyvilon_altar_1
D:11:     layout_roguey, dpeg_lair_monsters
D:13:     minmay_tearing_corner, layout_rooms, serial_shops,
          nicolae_shop_temple_entry_statues_fountains, nicolae_shop_stone,
          bh_walls_and_bars, uniq_urug

Action                   || total
-------------------------++-------
Melee: Unarmed           ||    15
 Cast: Magic Dart        ||    16
 Abil: Shaft Self        ||     6
Armor: Robe              ||     8
Dodge: Dodged            ||    20
